Map: [ESL] Waterfall

Players

Serral - Winner!

  • Race: Zerg Zerg
  • Spawn Location: 1:00

LiquidClem (Clem)

  • Race: Terran Terran
  • Spawn Location: 7:00

Event: HomeStory Cup XXI

VOD

Have the link to the VOD?

Description

Time

  • Played on: July 24, 2022, 5:37 p.m.
  • Length: 12:23

All games in this series

Show
View Real Time Build Order
Export as new Build Order

Serral Zerg - Winner!

Build Orders: Hatch First 

Get SALT Encoding   

  12  0:00  Drone  
  13  0:12  Overlord  
  13  0:17  Drone  
  14  0:30  Drone x2  
  16  0:47  Hatchery  
  15  0:51  Drone  
  15  0:54  Drone  
  17  0:57  Drone  
  18  1:08  Extractor  
  17  1:13  Spawning Pool  
  17  1:16  Drone  
  17  1:20  Drone  
  18  1:27  Drone  
  19  1:38  Drone  
  20  1:49  Drone  
  21  2:00  Queen x2  
  21  2:01  Zergling x4  
  27  2:10  Zergling x2  
  27  2:11  Overlord  
  28  2:24  Hatchery  
  28  2:26  Drone  
  28  2:31  Drone x2  
  28  2:36  Drone  
  30  2:39  Metabolic Boost  
  30  2:47  Queen  
  32  2:51  Overlord  
  32  2:54  Drone  
  32  2:56  Drone  
  34  2:58  Drone  
  34  3:05  Overlord  
  35  3:10  Drone x3  
  38  3:16  Queen  
  38  3:17  Drone  
  38  3:19  Drone  
  42  3:21  Drone  
  43  3:27  Drone  
  43  3:29  Queen  
  43  3:34  Drone  
  47  3:36  Queen  
  47  3:40  Drone x2  
  51  3:42  Drone  
  51  3:45  Overlord  
  52  3:49  Drone  
  52  3:50  Zergling x2  
  52  3:51  Zergling x2  
  52  3:52  Drone  
  56  3:58  Drone x2  
  58  4:06  Overlord, Zergling x2  
  58  4:07  Drone x2  
  55  4:22  Drone x5  
  55  4:23  Lair  
  57  4:25  Extractor, Drone  
  58  4:31  Spore Crawler, Drone  
  58  4:33  Drone  
  58  4:34  Drone  
  58  4:35  Spore Crawler  
  58  4:38  Spore Crawler  
  58  4:41  Drone  
  58  4:44  Drone  
  58  4:45  Drone  
  60  4:52  Baneling Nest  
  59  4:53  Drone x3  
  59  4:55  Drone x4  
  59  4:58  Overlord  
  66  5:00  Drone x2  
  66  5:02  Drone  
  66  5:05  Drone x2  
  71  5:08  Drone x2  
  73  5:18  Zergling x4  
  75  5:22  Overseer  
  75  5:23  Zergling x2  
  75  5:24  Drone x6  
  75  5:28  Extractor  
  81  5:29  Extractor  
  81  5:30  Evolution Chamber x2, Overlord  
  81  5:35  Centrifugal Hooks, Zergling x2  
  79  5:40  Drone  
  80  5:44  Drone x2  
  82  5:50  Hatchery  
  82  5:53  Drone x2  
  82  5:56  Zerg Melee Weapons Level 1  
  83  6:00  Drone x3  
  83  6:02  Zerg Ground Armor Level 1  
  83  6:03  Overlord  
  86  6:05  Zergling x8  
  86  6:09  Overlord x2  
  86  6:10  Overlord  
  90  6:13  Overlord  
  90  6:17  Overlord  
  90  6:21  Zergling x10  
  95  6:29  Drone x7  
  95  6:30  Zergling x4  
  104  6:36  Zergling x4  
  106  6:41  Spore Crawler, Baneling  
  106  6:42  Baneling x7, Zergling x2  
  106  6:43  Zergling x2  
  106  6:46  Zergling x2  
  108  6:48  Queen x3  
  108  6:52  Zergling x8  
  118  6:56  Overlord  
  118  6:58  Zergling x8  
  122  7:07  Zergling x10  
  126  7:14  Zergling x2  
  126  7:15  Zergling x4  
  125  7:20  Zergling x14  
  124  7:25  Queen x2  
  124  7:26  Queen  
  124  7:27  Zergling x10  
  118  7:44  Baneling x8  
  118  7:45  Zergling x18  
  118  7:51  Baneling x2  
  121  7:57  Overseer  
  119  7:58  Zerg Melee Weapons Level 2  
  119  7:59  Zerg Ground Armor Level 2  
  119  8:00  Zergling x8  
  117  8:08  Zergling x8  
  121  8:14  Baneling x6  
  121  8:16  Baneling x9  
  121  8:19  Drone x3  
  125  8:20  Drone x2  
  125  8:25  Infestation Pit  
  125  8:26  Extractor  
  124  8:27  Drone x3  
  124  8:29  Zergling x16, Hatchery  
  133  8:39  Zergling x2  
  133  8:40  Zergling x10  
  129  8:46  Zergling x14  
  134  8:50  Zergling x6  
  134  8:53  Pneumatized Carapace  
  134  8:55  Zergling x8  
  141  8:58  Baneling x14  
  140  9:07  Zergling x14  
  143  9:11  Hive  
  143  9:13  Hydralisk Den  
  143  9:15  Overlord x2  
  143  9:20  Zergling x2  
  143  9:27  Hatchery  
  138  9:35  Zergling x30  
  139  9:42  Baneling x2  
  139  9:43  Baneling x3  
  139  9:49  Zergling x14  
  139  9:51  Baneling x2  
  146  9:53  Baneling x9  
  146  9:55  Overlord  
  146  9:59  Overlord  
  144  10:00  Zergling x16  
  144  10:01  Overlord  
  150  10:10  Baneling x5  
  143  10:18  Zergling x16  
  147  10:27  Zergling x2  
  147  10:28  Zergling x20  
  140  10:33  Adrenal Glands  
  131  10:36  Zergling x6  
  131  10:37  Zergling x8  
  131  10:40  Zergling x6  
  131  10:41  Zergling x4  
  134  10:45  Ultralisk Cavern  
  130  10:52  Zergling x22  
  130  10:56  Drone  
  141  10:57  Baneling x6  
  137  11:06  Zergling x28  
  137  11:10  Baneling x7  
  151  11:11  Zergling x4  
  153  11:19  Extractor  
  153  11:22  Drone x3  
  153  11:24  Zergling x8  
  153  11:25  Zergling x10  
  163  11:30  Baneling x5, Overseer  
  162  11:35  Zergling x32  
  174  11:43  Zergling x2  
  174  11:44  Zergling x8  
  165  11:48  Zergling x14  
  159  11:58  Zergling x18  
  162  12:05  Zergling x16  
Show
View Real Time Build Order
Export as new Build Order

LiquidClem Terran 

Build Orders: Reaper Expand, Hellion Banshee 

Get SALT Encoding   

  12  0:00  SCV  
  13  0:12  SCV  
  14  0:16  Supply Depot  
  14  0:24  SCV  
  15  0:38  SCV  
  15  0:39  Barracks  
  16  0:44  Refinery  
  16  0:50  SCV  
  17  1:02  SCV  
  18  1:14  SCV  
  19  1:26  Orbital Command  
  19  1:27  Reaper  
  20  1:40  Command Center  
  20  1:47  Supply Depot  
  20  1:52  SCV  
  21  1:59  Marine  
  22  2:04  SCV  
  23  2:10  Factory  
  23  2:15  Refinery  
  23  2:16  SCV  
  23  2:22  Barracks Reactor  
  24  2:28  SCV  
  25  2:40  SCV  
  26  2:52  Orbital Command, SCV  
  26  2:55  Starport  
  27  3:02  Hellion x2  
  27  3:05  SCV  
  32  3:06  Barracks Tech Lab  
  32  3:12  Supply Depot  
  32  3:17  SCV  
  32  3:18  SCV  
  34  3:23  Hellion  
  34  3:24  Hellion  
  38  3:29  SCV  
  38  3:30  SCV  
  40  3:40  Cloaking Field, Banshee  
  40  3:41  SCV  
  44  3:42  SCV  
  44  3:43  Supply Depot  
  45  3:49  Hellion  
  45  3:50  Hellion  
  45  3:53  SCV  
  45  3:54  SCV  
  51  3:55  Barracks Tech Lab  
  51  4:05  SCV  
  51  4:07  SCV, Supply Depot  
  53  4:15  Hellion x2  
  54  4:17  SCV  
  54  4:19  SCV  
  50  4:25  Banshee  
  50  4:27  Stimpack  
  50  4:29  SCV  
  55  4:40  Command Center  
  55  4:41  SCV  
  55  4:42  SCV  
  56  4:47  Barracks  
  56  4:48  Factory Reactor  
  56  4:51  Barracks  
  56  4:53  SCV  
  56  4:54  SCV  
  56  4:56  Marine  
  59  5:05  Engineering Bay x2, SCV  
  60  5:07  SCV  
  60  5:08  Refinery  
  60  5:12  Refinery  
  61  5:14  Starport Reactor  
  61  5:17  Marine  
  61  5:18  SCV  
  61  5:19  SCV  
  64  5:25  Supply Depot  
  64  5:30  SCV  
  64  5:31  SCV  
  64  5:34  Terran Infantry Armor Level 1, Terran Infantry Weapons Level 1  
  67  5:36  Siege Tank  
  67  5:42  SCV  
  70  5:46  SCV, Marine x3  
  70  5:49  Marine, Supply Depot  
  74  5:50  Medivac, Marine  
  74  5:51  Medivac  
  74  5:55  SCV  
  81  5:58  Supply Depot  
  81  6:00  SCV  
  82  6:05  Barracks x2  
  82  6:07  SCV  
  82  6:08  Marine x2  
  82  6:10  Marine, Supply Depot  
  86  6:12  Marine  
  86  6:15  SCV  
  86  6:18  Orbital Command  
  88  6:20  Combat Shield  
  88  6:23  SCV  
  89  6:27  SCV, Marine  
  89  6:28  Marine x2  
  89  6:31  Marine  
  94  6:35  SCV  
  94  6:36  Siege Tank  
  99  6:40  SCV  
  99  6:42  Armory, Marine  
  99  6:44  SCV  
  99  6:45  Marine  
  102  6:47  SCV, Marine  
  102  6:50  Marine  
  102  6:51  Supply Depot  
  102  6:52  SCV  
  102  6:53  Barracks Reactor x2  
  106  6:57  Refinery  
  106  7:00  Factory, SCV x2  
  108  7:01  Marine  
  108  7:02  Marine  
  108  7:07  Marine, Medivac x2  
  115  7:10  Marine x2  
  110  7:16  SCV  
  110  7:18  Siege Tank  
  110  7:19  SCV, Marine  
  110  7:21  Marine  
  112  7:25  SCV, Marine  
  112  7:28  SCV, Marine  
  112  7:29  Marine  
  117  7:31  Marine  
  117  7:32  Marine x2  
  117  7:36  Marine  
  121  7:37  Marine  
  121  7:38  Marine  
  121  7:39  SCV  
  121  7:41  SCV  
  121  7:43  Marine  
  123  7:45  Medivac  
  123  7:49  Supply Depot  
  123  7:51  Medivac  
  127  7:52  Supply Depot  
  127  7:56  Terran Infantry Armor Level 2  
  127  7:59  Marine  
  127  8:01  Marine x6  
  127  8:03  Marine x2  
  113  8:06  Factory Reactor  
  113  8:12  Siege Tank  
  116  8:17  Marine  
  116  8:18  Command Center  
  117  8:20  SCV  
  117  8:21  Refinery, SCV x2  
  117  8:22  Marine  
  117  8:23  Marine  
  122  8:28  Marine, Supply Depot  
  122  8:29  Marine  
  122  8:30  Marine  
  122  8:31  Marine  
  122  8:32  SCV  
  122  8:33  Sensor Tower  
  127  8:35  Marine  
  127  8:37  SCV  
  127  8:40  Marine  
  127  8:45  SCV, Command Center  
  127  8:46  Marine  
  127  8:47  SCV  
  125  8:49  Widow Mine x2  
  125  8:50  Marine, Widow Mine  
  125  8:52  Marine  
  125  8:54  Marine  
  134  8:55  SCV  
  134  8:59  Supply Depot  
  135  9:02  Terran Infantry Weapons Level 2  
  135  9:04  SCV  
  135  9:09  Marine  
  137  9:10  SCV  
  137  9:11  Widow Mine  
  137  9:14  Supply Depot  
  137  9:15  Supply Depot  
  137  9:16  SCV  
  141  9:21  Marine x3, Widow Mine x2  
  141  9:22  Marine  
  149  9:29  Marine  
  149  9:30  SCV  
  146  9:32  Widow Mine  
  146  9:34  Marine x2  
  146  9:35  Marine x2  
  132  9:42  Terran Vehicle And Ship Armor Level 1, Marine x2, Widow Mine  
  132  9:43  Marine x2, Widow Mine  
  140  9:46  SCV x2  
  140  9:47  Marine  
  140  9:52  Marine x2  
  144  9:53  Marine, Widow Mine  
  143  10:01  Sensor Tower  
  143  10:04  Widow Mine x2  
  143  10:05  Marine  
  140  10:08  Drilling Claws, Marine x2  
  140  10:11  Medivac x2  
  140  10:13  Marine x2  
  142  10:14  SCV  
  142  10:15  SCV x2, Marine x3, Widow Mine  
  142  10:21  Marine  
  144  10:23  Marine  
  144  10:25  Marine x2, Widow Mine x2  
  144  10:27  SCV  
  140  10:34  Marine  
  140  10:35  Marine  
  130  10:36  Widow Mine  
  130  10:37  Marine  
  130  10:40  Marine  
  122  10:43  SCV  
  122  10:44  Marine  
  122  10:45  Marine  
  122  10:47  SCV, Widow Mine x2  
  122  10:49  Marine  
  125  10:55  Marine  
  125  10:56  SCV  
  127  10:57  Widow Mine  
  127  10:58  SCV  
  127  10:59  Marine  
  127  11:01  Marine  
  127  11:02  Marine  
  131  11:05  SCV  
  131  11:08  SCV, Widow Mine x2  
  131  11:09  Marine x2  
  139  11:18  Marine  
  139  11:19  Marine x3, Widow Mine  
  139  11:20  SCV  
  146  11:27  Marine x4  
  146  11:29  Widow Mine  
  146  11:30  Widow Mine  
  146  11:32  Marine  
  150  11:40  Widow Mine  
  150  11:43  Marine  
  150  11:45  Marine  
  150  11:47  Marine  
  137  11:48  SCV x3  
  137  11:51  Widow Mine x2  
  137  11:53  Marine  
  137  11:54  Marine x5  
  137  12:01  Marine  
  138  12:03  Marine  
  138  12:04  Marine  
Tags
 
Add a new tag
Caveats
  • Supply blocks, unpowered buildings, or Contaminate may cause inaccurate times.
  • Supply counts are checked every 10 seconds.